 Dungeon Crawl Stone Soup version 0.29.0 (webtiles) character file.

Game seed: 17563495030062203054

1299 edsrzf the Slasher (level 8, -1/94 HPs)
             Began as a Demigod Arcane Marksman on Sept 5, 2022.
             Shot with an arrow by a centaur (10 damage)
             ... on level 6 of the Dungeon.
             The game lasted 00:17:08 (8031 turns).

edsrzf the Slasher (Demigod Arcane Marksman)        Turns: 8031, Time: 00:17:10

Health: -1/94      AC: 16    Str: 21    XL:     8   Next: 9%
Magic:  14/14      EV:  2    Int: 19    God:
Gold:   317        SH:  0    Dex: 14    Spells: 10/11 levels left

rFire   . . .      SeeInvis .   a - +2 dagger (venom)
rCold   . . .      Faith    .   (no shield)
rNeg    . . .      Spirit   .   (body armour currently unavailable)
rPois   +          Reflect  .   (helmet currently unavailable)
rElec   .          Harm     .   (cloak currently unavailable)
rCorr   .          Rampage  .   (gloves currently unavailable)
Will    .....      NoTele   +   (boots currently unavailable)
Stlth   +.........              (no amulet)
HPRegen 0.25/turn               i - +6 ring of strength
MPRegen 0.14/turn               D - +4 ring of evasion

@: confused, brilliant, tree-form, ambrosia-drunk, corroded
A: stationary, stasis, torment immunity, boosted hp, high MP 1, forlorn, divine
attributes
a: no special abilities


You were on level 6 of the Dungeon.
You were a tree.
You visited 1 branch of the dungeon, and saw 6 of its levels.
You also visited: Sewer.

You collected 317 gold pieces.

Inventory:

Hand Weapons
 a - a +2 dagger of venom (weapon)
 b - a +1 sling
 w - a +0 long sword
Missiles
 F - 28 poisoned darts
Armour
 c - a +0 robe (melded)
 d - a +0 cloak (melded)
 A - a +0 pair of boots (melded)
 G - a +0 helmet (melded)
Jewellery
 i - a +6 ring of strength (left branch)
 p - a ring of fire
 z - a ring of protection from fire
 D - a +4 ring of evasion (right branch)
Wands
 v - a wand of flame (9)
Scrolls
 f - 2 scrolls of vulnerability {unknown}
 k - 3 scrolls of teleportation {unknown}
 m - 4 scrolls of identify {unknown}
 n - 2 scrolls of enchant weapon {unknown}
 o - 3 scrolls of magic mapping {unknown}
 r - 2 scrolls of poison
 s - 3 scrolls of immolation {unknown}
 t - a scroll of silence {unknown}
 C - 2 scrolls of enchant armour {unknown}
Potions
 e - a potion of lignification
 g - 2 potions of might
 l - a potion of mutation {unknown}
 q - a potion of haste
 u - a potion of resistance {unknown}
 x - a potion of flight
 y - a potion of ambrosia
 E - a potion of degeneration {unknown}


   Skills:
 - Level 3.3 Fighting
 + Level 7.2 Long Blades
 - Level 3.3 Ranged Weapons
 - Level 1.7 Dodging
 - Level 2.1 Unarmed Combat
 + Level 2.4 Spellcasting
 - Level 2.6 Hexes


You had 10 spell levels left.
You knew the following spells:

 Your Spells              Type           Power      Damage    Failure   Level
s - Slow                  Hex            72%        N/A       5%          1

Your spell library contained the following spells:

 Spells                   Type           Power      Damage    Failure   Level
 Inner Flame              Hex/Fire       11%        N/A       28%         3
 Portal Projectile        Hex/Tloc       22%        N/A       28%         3
 Cause Fear               Hex            9%         N/A       47%         4


Dungeon Overview and Level Annotations

Branches:
Dungeon (6/15)             Temple (0/1) D:4           Sewer (visited)


Innate Abilities, Weirdness & Mutations

You are a tree.
Your roots penetrate the ground, keeping you stationary.
You cannot be teleported.
You are immune to unholy pain and torment.
Your maximum health is greatly increased.
Your equipment is partially melded.
You have an increased reservoir of magic. (+10% MP)
You shall have no god before yourself.
Your divine heritage dramatically boosts your attributes as you level up.


Message History

The centaur wields a +0 shortbow.
The centaur shoots an arrow.
The arrow barely misses you.
The orc warrior hits you from afar with a +1 halberd of holy wrath!
The orc attacks as you move away! The orc barely misses you.
The orc attacks as you move away! The orc misses you.
Found a scroll labelled UTIGON RUYCORR.
A jelly comes into view.
Your +2 dagger of venom begins to drip with poison!
a - a +2 dagger of venom (weapon)
You closely miss the orc. The orc misses you.
The jelly jiggles.
You hit the orc.
The orc is poisoned.
The orc is moderately wounded.
The orc closely misses you.
The orc warrior hits you from afar with a +1 halberd of holy wrath!
You hit the orc but do no damage.
The orc is heavily wounded.
You hit the orc but do no damage.
The orc looks as sick as possible!
The orc is heavily wounded.
You kill the orc!
The orc warrior misses you.
You hit the orc wizard.
The orc wizard is poisoned.
The orc wizard is lightly wounded.
An orc comes into view. It is wielding a +0 club.
The jelly closely misses you.
The orc wizard hits you with a +0 dagger.
The orc warrior hits you from afar with a +1 halberd of holy wrath!
A white imp comes into view.
The white imp shouts, "Crawl home, thou puny ditch-delivered tiddler!"
The orc wizard attacks as you move away!
The orc wizard hits you but does no damage.
You see here a scroll labelled UTIGON RUYCORR.
You hit the jelly. The acid corrodes you!
Your hands burn!
The jelly is moderately wounded.
The jelly hits you. The acid corrodes you!
You are splashed with acid.
* * * LOW HITPOINT WARNING * * *
You hit the jelly.
Your hands burn!
* * * LOW HITPOINT WARNING * * *
The jelly is moderately wounded.
The jelly hits you.
* * * LOW HITPOINT WARNING * * *
You are splashed with acid!
* * * LOW HITPOINT WARNING * * *
The orc warrior misses you.
Okay, then.
Blink to where?
Press: ? - help, Dir - move target An ufetubus comes into view.
Found 17 gold pieces.
As you read the scroll of blinking, it crumbles to dust.
The ufetubus shouts!
The orc wizard mumbles some strange words.
The orc wizard flickers and vanishes!
Deactivating autopickup; reactivate with Ctrl-A.
The white imp sputters.
Okay, then.
Okay, then.
You feel better.
A necrophage comes into view.
Okay, then.
Okay, then.
It was a potion of brilliance.
You feel clever all of a sudden.
A necrophage comes into view.
The ufetubus closely misses you. The ufetubus barely misses you.
Blink to where?
Press: ? - help, Dir - move target An adder and an orc wizard come into view.
Found a scratched diamond ring and a ring mail.
As you read the scroll of blinking, it crumbles to dust.
The adder hisses angrily.
You hear a shout! x2
An orc comes into view. It is wielding a +0 dagger.
An orc comes into view. It is wielding a +0 club.
The adder moves out of view.
You see here a +0 ring mail.
The centaur shoots an arrow.
The arrow hits you!
* * * LOW HITPOINT WARNING * * *
The adder barely misses you.
The orc wizard mumbles some strange words.
The orc wizard flickers and vanishes!
Okay, then.
Really quaff the potion of lignification?
You turn into a tree.
Your +0 cloak melds into your body.
Your +0 helmet melds into your body.
Your +0 pair of boots melds into your body.
Your +0 robe melds into your body.
Your roots penetrate the ground.
The ufetubus hits you but does no damage. x2
The adder bites you but does no damage.
The centaur shoots an arrow.
The arrow completely misses you.
The ufetubus hits you but does no damage. x2
A hound comes into view.
Unknown command.
It was a potion of ambrosia.
You are confused.
You feel invigorated.
The centaur shoots an arrow.
The arrow hits you but does no damage. The adder bites you.
* * * LOW HITPOINT WARNING * * *
The ufetubus hits you but does no damage. x2
The centaur shoots an arrow.
The arrow hits you!
You die...

.. . #. ...# #.#. #..#
.#.#### #..# ......#
#..### ..o..# #....#
o.h..###.##.######+
#.#S.coo..o........
#.#♣####.##.#####..#
#.#5####?##.o<.....#
#..n..##.#..oo......
#.......n#J##o#....o.....
#...#.....o##.#...o......
#.. #.........###<#..#...
# #.$...##### #.##o####
#.....# #.# .. #.....#
... ...


You could see an orc warrior, 2 necrophages, a centaur, a hound, a jelly, an orc
priest, an orc wizard, an adder, 2 orcs and an ufetubus.

Vanquished Creatures
  An ogre (D:5)
  The ghost of Estrea the Stinger, an amateur DsVM of Ru (D:4)
  2 phantoms (D:5)
  3 kobold brigands (D:4)
  A scorpion (D:4)
  2 bullfrogs
  A howler monkey (D:3)
  A hound (D:5)
  A jelly (D:5)
  An orc priest (D:4)
  An iguana (D:5)
  An orc wizard (D:5)
  11 adders
  15 gnolls (D:4)
  2 ufetubi
  A worm (D:3)
  5 dart slugs
  15 orcs
  12 ball pythons
  9 endoplasms
  13 giant cockroaches
  5 goblins
  8 hobgoblins
  4 jackals (D:4)
  34 kobolds
  9 quokkas
  5 bats
  8 frilled lizards
  10 rats
182 creatures vanquished.

Notes
Turn   | Place    | Note
-------+----------+-------------------------------------------
     0 | D:1      | edsrzf the Demigod Arcane Marksman began the quest for the
                  | Orb.
     0 | D:1      | Reached XP level 1. HP: 15/15 MP: 4/4
    40 | D:1      | Reached skill level 1 in Fighting
   605 | D:1      | Reached skill level 2 in Fighting
   605 | D:1      | Reached XP level 2. HP: 24/24 MP: 5/5
  1532 | D:1      | Reached XP level 3. HP: 30/30 MP: 6/6
  1745 | D:2      | Reached skill level 3 in Fighting
  1763 | D:2      | Reached skill level 2 in Ranged Weapons
  2621 | D:3      | Reached XP level 4. HP: 38/38 MP: 8/8
  2804 | D:3      | Found a glowing drain.
  2829 | Sewer    | Entered a sewer
  2986 | Sewer    | Reached skill level 1 in Unarmed Combat
  3259 | Sewer    | Noticed a bullfrog
  3271 | Sewer    | Killed a bullfrog
  3272 | Sewer    | Reached skill level 3 in Ranged Weapons
  3272 | Sewer    | Reached skill level 2 in Unarmed Combat
  3272 | Sewer    | Reached XP level 5. HP: 28/45 MP: 7/9
  3940 | D:3      | Reached skill level 1 in Long Blades
  4507 | D:4      | Found a staircase to the Ecumenical Temple.
  4805 | D:4      | Reached skill level 2 in Long Blades
  4994 | D:4      | Reached XP level 6. HP: 50/51 MP: 10/10
  5036 | D:4      | Reached skill level 3 in Long Blades
  5077 | D:4      | Found a runed translucent door.
  5083 | D:4      | Noticed Estrea's ghost (amateur DsVM)
  5643 | D:4      | Reached skill level 4 in Long Blades
  5824 | D:4      | Identified 3 potions of might
  5831 | D:4      | Reached skill level 5 in Long Blades
  5831 | D:4      | Reached XP level 7. HP: 10/57 MP: 11/11
  6961 | D:4      | Identified 2 potions of lignification
  6962 | D:4      | Identified 2 potions of haste
  6963 | D:4      | Identified 2 potions of flight
  6964 | D:4      | Identified 2 potions of curing
  6974 | D:4      | Reached skill level 6 in Long Blades
  6993 | D:4      | Killed Estrea's ghost
  7291 | D:5      | Entered Level 5 of the Dungeon
  7588 | D:5      | Reached skill level 7 in Long Blades
  7588 | D:5      | Reached skill level 2 in Spellcasting
  7588 | D:5      | Reached XP level 8. HP: 60/63 MP: 12/14
  7610 | D:5      | Identified the +6 hand axe "Plojy" {flame, rF- rC+ rCorr}
  8026 | D:6      | Identified a potion of brilliance
  8031 | D:6      | Identified 2 potions of ambrosia
  8031 | D:6      | Shot with an arrow by a centaur

Illustrated notes

Levels and vault maps discovered:
D:1:      grunt_arrival_crossed_arrows, layout_loops_ring,
          hellmonk_ecumenical_altar_zigzags, kennysheep_minor_cross
D:2:      layout_basic, minmay_pentomino_p4
D:3:      layout_basic, portal_sewer_entry_a
D:4:      minmay_goblin_kobold_castle, layout_basic, lemuel_crystal_altar,
          trog_book, minmay_temple_entry_hall, ebering_ghost_sewer_d
D:5:      layout_rooms, grunt_gozag_statues, kennysheep_mini
D:6:      layout_basic, serial_shops, nicolae_diamond_shop, uniq_pikel,
          uniq_edmund

Skill      XL: |  1  2  3  4  5  6  7 |
---------------+----------------------+-----
Fighting       | 2 3 |  3.3
Ranged Weapons | 2 3 |  3.3
Unarmed Combat | 2 |  2.1
Long Blades    | 2 5 7 |  7.2
Spellcasting   | 2 |  2.4
Dodging        | |  1.7
Hexes          | |  2.6

Action                   |  1- 3 |  4- 6 |  7- 9 || total
-------------------------+-------+-------+-------++-------
Melee: Unarmed           |   147 |       |       ||   147
       Punch             |     4 |     5 |     5 ||    14
       Long sword        |     3 |    71 |    25 ||    99
       Dagger            |       |   103 |   156 ||   259
 Fire: Sling             |    69 |   155 |    45 ||   269
 Cast: Slow              |       |     1 |     4 ||     5
  Use: Potion            |       |     1 |     8 ||     9
       Scroll            |       |     1 |     2 ||     3
Armor: Robe              |    30 |    33 |    19 ||    82
       Skin              |       |       |    30 ||    30
Dodge: Dodged            |   105 |   122 |   139 ||   366
